 Dungeon Crawl Stone Soup version 0.26.0-45-g9c1d065592 (webtiles) character file.

Game seed: 15109986008119951622

106 H0rd4k the Insei (level 4, -2/28 HPs)
             Began as an Octopode Transmuter on Jan 29, 2021.
             Slain by Sigmund
             ... wielding a +0 scythe
              (12 damage)
             ... on level 2 of the Dungeon.
             The game lasted 00:01:43 (2636 turns).

H0rd4k the Insei (Octopode Transmuter)              Turns: 2636, Time: 00:01:44

Health: -2/28      AC:  1    Str: 10    XL:     4   Next: 84%
Magic:  6/7        EV: 14    Int: 15    God:
Gold:   91         SH:  0    Dex: 12    Spells: 6/7 levels left

rFire    . . .     SeeInvis .     - Unarmed
rCold    + . .     Faith    .   (no shield)
rNeg     . . .     Spirit   .   (helmet currently unavailable)
rPois    .         Reflect  .   (no amulet)
rElec    .         Harm     .   d - ring of protection from cold
rCorr    .         Rampage  .   (no ring)
Will     .....                  (no ring)
Stlth    +++.......             (no ring)
HPRegen  0.09/turn              (no ring)
MPRegen  0.10/turn              (no ring)
                                (no ring)
                                (no ring)

@: appendages (expiring)
A: almost no armour, stealthy swim, amphibious, 8 rings, constrict 8, tentacle
spike 3, camouflage 1, gelatinous body 1
a: End Transformation


You were on level 2 of the Dungeon.
One of your tentacles had a temporary spike.
You visited 1 branch of the dungeon, and saw 2 of its levels.

You collected 91 gold pieces.

Inventory:

Jewellery
 d - a ring of protection from cold (left tentacle)
Scrolls
 a - a scroll of fog {unknown}
 c - 2 scrolls of identify {unknown}
 e - a scroll of magic mapping {unknown}
 g - a scroll of enchant weapon {unknown}
 h - a scroll of remove curse {unknown}
Potions
 b - a potion of might {unknown}
 f - a potion of resistance {unknown}
 i - a potion of brilliance {unknown}
 j - a potion of haste {unknown}
 k - a potion of curing {unknown}


   Skills:
 + Level 1.1 Fighting
 + Level 2.6 Dodging
 + Level 3.7 Stealth
 + Level 4.0 Unarmed Combat
 + Level 2.1 Spellcasting
 + Level 2.1 Transmutations


You had 6 spell levels left.
You knew the following spells:

 Your Spells              Type           Power        Failure   Level
a - Beastly Appendage     Tmut           14%          10%         1

Your spell library contained the following spells:

 Spells                   Type           Power        Failure   Level
 Wereblood                Tmut           7%           14%         2
 Spider Form              Tmut/Pois      2%           38%         3
 Ice Form                 Ice/Tmut       4%           80%         4
 Blade Hands              Tmut           3%           95%         5


Dungeon Overview and Level Annotations

Branches:
Dungeon (2/15)

Altars:
Dithmenos

Annotations:
D:1 exclusion: downstairs
D:2 Sigmund


Innate Abilities, Weirdness & Mutations

You cannot wear most types of armour.
You are very stealthy in the water. (Stealth+)
You are amphibious.
You can wear up to eight rings at the same time.
You can use your tentacles to constrict eight enemies at once.
Your skin changes colour to match your surroundings (Stealth+).
Your rubbery body absorbs attacks. (AC +1, EV +1)
One of your tentacles bears a large vicious spike.


Message History

Sigmund is severely wounded.
You constrict Sigmund, but do no damage.
Sigmund hits you with a +0 scythe!
You tentacle-slap Sigmund but do no damage.
Sigmund is severely wounded.
You constrict Sigmund, but do no damage.
Sigmund barely misses you.
You barely miss Sigmund.
Sigmund is severely wounded.
Your transformation is almost over.
You constrict Sigmund. You barely miss Sigmund.
Sigmund is severely wounded.
You constrict Sigmund, but do no damage.
Sigmund casts a spell at you. The magic dart hits you.
You tentacle-slap Sigmund.
You pierce Sigmund, but do no damage.
Sigmund is almost dead.
You constrict Sigmund. Sigmund hits you with a +0 scythe!
You die...

............# ###..##......#
............# #..........#
............+ ...#####'#########
##..........# #### #..........
##.##.......###########..........
##..........##......##.....g...†.
###...#..#####.....(##...#+#.†...
....#.#..# #......##...# ##.#..
.......... +..@@..+....# #(#$.
###.#....#####....(.###### #.#.#
# #.#.....####### #.#.. #
#.#.###.# ..... # #.###...# ..#
#.#.. ###.....#.#.### #. ..
..#####.#.#. #.# #...#.# #.#
#.#.#.#


You could see Sigmund.

Vanquished Creatures
  3 gnolls
  3 adders (D:2)
  3 worms (D:2)
  A dart slug (D:2)
  A leopard gecko (D:1)
  2 giant cockroaches (D:1)
  4 hobgoblins
  2 jackals (D:2)
  5 bats
  A frilled lizard (D:2)
  4 goblins
  8 kobolds
  7 rats
44 creatures vanquished.

Notes
Turn   | Place    | Note
-------+----------+-------------------------------------------
     0 | D:1      | H0rd4k the Octopode Transmuter began the quest for the Orb.
     0 | D:1      | Reached XP level 1. HP: 13/13 MP: 3/3
   363 | D:1      | Reached XP level 2. HP: 15/18 MP: 5/5
   690 | D:1      | Reached skill level 1 in Stealth
  1147 | D:2      | Reached XP level 3. HP: 18/23 MP: 6/6
  1153 | D:2      | Found a shadowy altar of Dithmenos.
  2016 | D:2      | Reached XP level 4. HP: 24/28 MP: 5/7
  2369 | D:2      | Reached skill level 4 in Unarmed Combat
  2625 | D:2      | Noticed Sigmund
  2636 | D:2      | Slain by Sigmund

Illustrated notes

Levels and vault maps discovered:
D:1:      dpeg_arrival_boxorama, layout_basic
D:2:      layout_basic, grunt_dithmenos_smoke_and_mirrors, uniq_sigmund,
          uniq_natasha

Skill      XL: |  1  2  3  4 |
---------------+-------------+-----
Stealth        | 1 2 3 |  3.7
Unarmed Combat | 4 |  4.0
Fighting       | |  1.1
Dodging        | |  2.6
Spellcasting   | |  2.1
Transmutations | |  2.1

Action                   |  1- 3 |  4- 6 || total
-------------------------+-------+-------++-------
Melee: Unarmed           |    74 |    26 ||   100
       Constrict         |    23 |     6 ||    29
       Tentacles         |    16 |     4 ||    20
       Punch             |     2 |     1 ||     3
       Kick              |     1 |     1 ||     2
 Cast: Beastly Appendage |     3 |     2 ||     5
 Stab: Sleeping          |    13 |       ||    13
       Distracted        |       |     1 ||     1
Armor: Skin              |     4 |       ||     4
Dodge: Dodged            |    39 |    10 ||    49
